 Dungeon Crawl Stone Soup version 0.18-b1-14-g029dad2 (webtiles) character file.

70 Chiseanne the Magician (level 4, 30/30 HPs)
             Began as a Demonspawn Wizard on Apr 30, 2016.
             Quit the game on level 3 of the Dungeon.
             The game lasted 00:03:23 (2002 turns).

Chiseanne the Magician (Demonspawn Wizard)          Turns: 2002, Time: 00:03:24

Health: 30/30      AC:  5    Str:  7    XL:     4   Next: 4%
Magic:  5/10       EV: 12    Int: 20    God:
Gold:   112        SH:  0    Dex: 12    Spells: 1 memorised, 10 levels left

rFire  . . .     SeeInvis .     a - +1 spear (distort)
rCold  . . .     Gourm    .     j - +1 robe
rNeg   . . .     Faith    .     (no shield)
rPois  .         Spirit   .     k - +1 helmet
rElec  .         Dismiss  .     (no cloak)
rCorr  .         Reflect  .     (no gloves)
SustAt .         Harm     .     (no boots)
MR     .....                    (no amulet)
Stlth  ++........               (no ring)
                                (no ring)

@: not resistant to hostile enchantments, unstealthy
A: talons 1, sturdy frame 1
a: no special abilities


You were on level 3 of the Dungeon.
You were not hungry.

You visited 1 branch of the dungeon, and saw 3 of its levels.

You collected 112 gold pieces.

Inventory:

Hand Weapons
 a - a +1 spear of distortion (weapon)
Missiles
 f - 14 bolts
 h - 86 stones (quivered)
 t - 13 poisoned needles
Armour
 j - a +1 robe (worn)
 k - a +1 helmet (worn)
Scrolls
 b - a scroll of teleportation
 i - a scroll of remove curse
Potions
 e - 2 potions of curing {unknown}
 l - a potion of flight {unknown}
 n - a potion of berserk rage {unknown}
 o - a potion of ambrosia {unknown}
Books
 c - a book of Minor Magic

   Spells                             Type                      Level
   a - Magic Dart                     Conjuration                  1
   b - Blink                          Translocation                2
   c - Call Imp                       Summoning                    2
   d - Repel Missiles                 Charms/Air                   2
   e - Slow                           Hexes                        2
   f - Conjure Flame                  Conjuration/Fire             3
   g - Mephitic Cloud                 Conjuration/Poison/Air       3
Comestibles
 d - a bread ration
 m - a royal jelly
 p - a meat ration


   Skills:
 - Level 1.7 Dodging
 - Level 1.7 Stealth
 * Level 4.0 Spellcasting
 * Level 2.6 Conjurations
   Level 1.0 Summonings
   Level 0.8 Translocations


You had 10 spell levels left.
You knew the following spells:

 Your Spells              Type           Power        Failure   Level  Hunger
a - Magic Dart            Conj           ##..         4%          1    None


Dungeon Overview and Level Annotations

Branches:
Dungeon (3/15)

Altars:


Innate Abilities, Weirdness & Mutations

You have sharp toenails.
Your movements are slightly less encumbered by armour (ER -2).


Message History

The ooze is heavily wounded.
Casting: Magic Dart
Confirm with . or Enter, or press ? or * to list all spells.
Aiming: Magic Dart
Press: ? - help, Shift-Dir - straight line, f/p - ooze
Aim: an ooze (heavily wounded)
The magic dart hits the ooze.
The ooze is severely wounded.
Casting: Magic Dart
Confirm with . or Enter, or press ? or * to list all spells.
Aiming: Magic Dart
Press: ? - help, Shift-Dir - straight line, f/p - ooze
Aim: an ooze (severely wounded)
The magic dart hits the ooze.
You kill the ooze!
Your Spellcasting skill increases to level 4!
You have reached level 4!
You feel agile.
Your demonic ancestry asserts itself...
Your toenails lengthen and sharpen.
Are you sure you want to abandon this character and quit the game? (Confirm with "yes".)

#.######.#..#.#.#
#.............#.#
####<....#.#..#.# ..
##.....)...#.###....
#.#..#.#...........
####.#..#.####.###....
+......<...........#
####.#.##.####.###.#
#.#....# #@# #.######
#.# #.. #.# ### #.#
#.# #.# #.# #.#


There were no monsters in sight!

Vanquished Creatures
  3 adders (D:2)
  An ooze (D:3)
  A worm (D:2)
  2 dart slugs
  A giant gecko (D:1)
  2 giant cockroaches
  5 goblins
  3 hobgoblins (D:2)
  6 kobolds
  A quokka (D:2)
  3 bats
  A giant newt (D:1)
  4 rats
33 creatures vanquished.

Vanquished Creatures (others)
  A hobgoblin (D:2)
1 creature vanquished.

Grand Total: 34 creatures vanquished

Notes
Turn   | Place    | Note
--------------------------------------------------------------
     0 | D:1      | Chiseanne the Demonspawn Wizard began the quest for the Orb.
     0 | D:1      | Reached XP level 1. HP: 13/13 MP: 4/4
   563 | D:1      | Gained mutation: Your movements are slightly less encumbered by armour (ER -2). [demonic ancestry]
   563 | D:1      | Reached XP level 2. HP: 19/19 MP: 0/6
  1064 | D:2      | Reached XP level 3. HP: 23/24 MP: 1/8
  1587 | D:2      | Found a faded altar to an unknown god.
  2001 | D:3      | Reached skill level 4 in Spellcasting
  2001 | D:3      | Gained mutation: You have sharp toenails. [demonic ancestry]
  2001 | D:3      | Reached XP level 4. HP: 30/30 MP: 5/10
  2002 | D:3      | Quit the game

Skill      XL: |  1  2  3 |
---------------+----------+-----
Conjurations   | 2 |  2.6
Spellcasting   | 4 |  4.0
Dodging        | |  1.7
Stealth        | |  1.7
Summonings     | |  1.0
Translocations | |  0.8

Action                   |  1- 3 |  4- 6 || total
-------------------------+-------+-------++-------
Melee: Spear             |    25 |       ||    25
 Cast: Magic Dart        |    68 |     1 ||    69
  Use: Scroll            |     6 |       ||     6
 Stab: Distracted        |     1 |       ||     1
  Eat: Chunk             |     3 |       ||     3
Armor: Robe              |    12 |       ||    12
Dodge: Dodged            |    26 |       ||    26
